 BcadrenCrawl: Boulder Brew version 0.04-3-g5ec7fb31a4 (webtiles) character file.

Game seed: 2555741550767914689, levelgen mode: deterministic

280 Chiseanne the Ducker (level 6, 0/45 HPs) Goblin Demonspawn. Began on Mar 22, 2021. Slain by an adder (1 damage) ... on level 3 of the Dungeon. The game lasted 00:03:46 (1394 turns).

Chiseanne the Ducker (Goblin Demonspawn)            Turns: 1394, Time: 00:03:46

Health: 0/45       AC:  3    Str:  8    XL:     6 ^: 119
Magic:  7/7        EV: 15    Int:  6    God:
Gold:   160        SH:  0    Dex:  6    Spells: 6/7 levels left

rFire    . . .     Vision   .   c - +0 short sword (elec)
rCold    . . .     Gourm    .   a - +0 long sword
rNeg     . . .     Faith    .   b - +0 leather armour
rPois    .         Spirit   .   (no helmet)
rElec    .         Reflect  .   (no cloak)
rCorr    .         Harm     .   (no gloves)
MR       +....                  (no boots)
Stlth    +.........             (no amulet)
HPRegen  0.25/turn              i - ring of protection from magic
MPRegen  0.17/turn              (no ring)

@: lethally poisoned (0 -> 0)
A: small, stagnant stats, goblin's greed, foul stench 2, low mp 1, mutation
resistance 1, rot immunity, god's pity 2
a: no special abilities


You were on level 3 of the Dungeon.
You were not hungry.

You visited 1 branch of the dungeon, and saw 3 of its levels.

You collected 132 gold pieces.

Inventory:

Weapons
 a - a +0 long sword (weapon)
 c - a +0 short sword of electrocution (weapon)
 f - a +2 long sword of holy wrath
 h - a +0 hunting sling
 j - a cursed +1 dagger of venom {(Curse: rF- rC-)}
 m - a +1 mace of protection Shields
 o - a +2 buckler of protection
Armour
 b - a +0 leather armour (worn)
Jewellery
 i - a ring of protection from magic (left hand)
 n - an uncursed ring of fire
Scrolls
 e - a scroll of fog
 g - a scroll of teleportation
Miscellaneous
 k - a lantern of shadows
Comestibles
 d - a ration
 l - 8 chunks of flesh


   Skills:
 * Level 5.2 Fighting
 - Level 2.6 Long Blades
 * Level 6.5 Dodging
 - Level 2.6 Stealth
 - Level 1.3 Spellcasting
 - Level 2.6 Fire Magic
   Level 4.0 Invocations


You had 6 spell levels left.
You knew the following spells:

 Your Spells              Type           Power        Failure   Level  Hunger
a - Flame Tongue          Fire           3 (30)       17%         1    ##.....

Your spell library contained the following spells:

 Spells                   Type           Power        Failure   Level  Hunger
 Conjure Flame            Fire           3 (100)      45%         3    ####...
 Blink                    Tloc           N/A          61%         2    ###....
 Call Imp                 Summ           0 (100)      61%         2    ###....
 Slow                     Hex            0 (100)      61%         2    ###....
 Mephitic Cloud           Pois/Air       0 (100)      83%         3    ####...


Dungeon Overview and Level Annotations

Branches:
Dungeon (3/8)

Altars:


Innate Abilities, Weirdness & Mutations

Your stats never grow through leveling.
Your goblin ancestry allows you to find more gold. (+20%)
You are small and have problems with some larger weapons.
You frequently emit foul miasma when damaged in melee.
Your magical capacity is low. (-10% MP)
You are somewhat resistant to further mutation.
You are immune to rotting.
The pity of the gods increases the power of your passive and invoked divine abilities.


Message History

* * * LOW HITPOINT WARNING * * *
You are more poisoned.
The adder poisons you (4).
You aren't carrying any potions.
Unknown command.
You're too confused to move!
You feel sick. (1)
The orc priest begins to cast a cantrip, but forgets the words!
The crimson imp hits you (1).
* * * LOW HITPOINT WARNING * * *
You hear some strange, mumbled words.
A puff of flame appears from out of thin air!
The puff of flame misses you. The adder bites you but does no damage.
You barely miss something. x2
You feel less confused.
* * * LOW HITPOINT WARNING * * *
You feel sick. (1)
The adder misses you (0). The crimson imp barely misses you (0).
The adder bites you (1).
You die...

##### ##...## ##.....##
#.......# ########
#.......# .......#
#.......#####
.......#######...........
.................S.......
.......######.†.@5o.#####
.......#### #....☼).#
..........####.....##
#####......####........
#.......#####....##
#.....#..# ..##.#
###.###### .## ... #..#
.. ##..#


You could see an orc priest, a crimson imp and an adder.

Vanquished Creatures
  A big kobold (D:2)
  A jelly (D:2)
  An orc wizard (D:3)
  3 giant cockroaches (D:1)
  A bullfrog skeleton (D:3)
  An adder (D:3)
  3 cinder newts (D:1)
  A worm (D:3)
  2 dart slugs (D:1)
  4 orcs (D:3)
  4 goblins (D:1)
  8 hobgoblins (D:1)
  7 jackals (D:3)
  9 bats
  7 kobolds
  A quokka skeleton (D:3)
  7 rats (D:1)
  2 withered plants (D:2)
63 creatures vanquished.

Vanquished Creatures (others)
  A ball python (D:2)
  2 kobolds (D:2)
  A plant (D:1)
  33 withered plants (D:2)
37 creatures vanquished.

Grand Total: 100 creatures vanquished

Notes
Turn   | Place    | Note
-------+----------+-------------------------------------------
     0 | D:1      | Chiseanne the Goblin Demonspawn began the quest for the
                  | Orb.
     0 | D:1      | Reached XP level 1. HP: 13/13 MP: 2/2
   143 | D:1      | Gained mutation: You are immune to rotting. [demonic
                  | ancestry]
   143 | D:1      | Reached XP level 2. HP: 20/20 MP: 3/3
   196 | D:1      | Reached XP level 3. HP: 25/25 MP: 4/4
   360 | D:1      | Reached skill level 5 in Dodging
   384 | D:1      | Gained mutation: You may emit foul miasma when damaged in
                  | melee. [demonic ancestry]
   384 | D:1      | Reached XP level 4. HP: 31/31 MP: 5/5
   732 | D:1      | Reached XP level 5. HP: 37/37 MP: 6/6
   900 | D:2      | Reached skill level 6 in Dodging
  1149 | D:2      | Gained mutation: You frequently emit foul miasma when
                  | damaged in melee. [demonic ancestry]
  1149 | D:2      | Reached XP level 6. HP: 35/45 MP: 7/7
  1226 | D:3      | Reached skill level 5 in Fighting
  1393 | D:3      | HP: 2/45 [crimson imp (1)]
  1394 | D:3      | Slain by an adder

Levels and vault maps discovered:
D:1:      psy_arrival_fountain, layout_loops_ring
D:2:      layout_sewer, sewer_minmay_treatment, uniq_purgy, uniq_ijyb
D:3:      miniossuary_kennysheep_ghosthouse, layout_rooms, first_ration

Skill      XL: |  1  2  3  4  5  6 |
---------------+-------------------+-----
Fighting       | 2 3 4 5 |  5.2
Dodging        | 5 6 |  6.5
Long Blades    | |  2.6
Stealth        | |  2.6
Spellcasting   | |  1.3
Fire Magic     | |  2.6
Invocations    | |  4.0

Action                   |  1- 3 |  4- 6 || total
-------------------------+-------+-------++-------
Melee: Long sword        |    33 |    36 ||    69
       Unarmed           |    13 |       ||    13
       Short sword       |    25 |    62 ||    87
  Use: Scroll            |     1 |       ||     1
 Stab: Sleeping          |     3 |     1 ||     4
  Eat: Chunk             |       |     2 ||     2
Armor: Leather armour    |     8 |    13 ||    21
Dodge: Dodged            |    53 |    94 ||   147
       Rpst.: Long sword |    20 |    35 ||    55
